 Dungeon Crawl Stone Soup version 0.21.1-1-g345015fe64 (webtiles) character file.

39511 Oravi the Transmogrifier (level 14, -2/108 HPs)
             Began as a Merfolk Transmuter on May 15, 2018.
             Was a High Priest of Okawaru.
             Impaled on a porcupine's spines (15 damage)
             ... on level 4 of the Lair of Beasts.
             The game lasted 01:27:53 (21450 turns).

Oravi the Transmogrifier (Merfolk Transmuter)      Turns: 21450, Time: 01:27:53

Health: -2/108     AC:  8    Str: 13    XL:     14   Next: 6%
Magic:  22/25      EV: 25    Int: 18    God:    Okawaru [*****.]
Gold:   571        SH:  0    Dex: 16    Spells: 8/28 levels left

rFire    . . .     SeeInvis +     - Unarmed
rCold    . . .     Gourm    .   (shield currently unavailable)
rNeg     . . .     Faith    .   W - +3 leather armour
rPois    .         Spirit   .   j - +0 helmet
rElec    .         Reflect  .   (no cloak)
rCorr    .         Harm     .   (gloves currently unavailable)
MR       ++...                  u - +0 pair of boots
Stlth    +.........             A - amulet "Qumiwko" {+Rage MR+ Int+2 SInv}
HPRegen  0.28/turn              P - +3 ring of strength
MPRegen  0.19/turn              E - +4 ring of evasion

@: blade hands
A: change form in water, swift swim, stealthy swim
a: End Transformation, Heroism, Finesse, Renounce Religion, Evoke Berserk Rage


You were on level 4 of the Lair of Beasts.
You worshipped Okawaru.
Okawaru was extremely pleased with you.
You were near starving.
You had blades for hands.
You visited 2 branches of the dungeon, and saw 18 of its levels.
You also visited: Bailey.

You collected 1396 gold pieces.
You spent 825 gold pieces at shops.

Inventory:

Hand Weapons
 y - a +0 spear of venom
 N - a cursed -1 halberd
Missiles
 a - 406 arrows
Armour
 j - a +0 helmet (worn)
 m - a +2 robe of magic resistance
 u - a +0 pair of boots (worn)
 W - a +3 leather armour (worn)
 Z - a +1 robe of cold resistance
Magical Staves
 g - an uncursed staff of energy (melded)
Jewellery
 b - an uncursed ring of protection from magic
 c - a +4 ring of dexterity {unknown}
 f - an uncursed ring of wizardry
 w - the amulet "Foskomn" {*Slow rPois Regen+ Str+4 Dex+2}
   (You acquired it on level 1 of the Lair of Beasts)

   [amulet of regeneration]

   It affects your strength (+4).
   It affects your dexterity (+2).
   It protects you from poison.
   It increases your rate of regeneration.
   It may slow you when you take damage.
 x - an uncursed ring of positive energy
 A - the amulet "Qumiwko" (around neck) {+Rage MR+ Int+2 SInv}
   (You acquired it in a bailey)

   [amulet of rage]

   It affects your intelligence (+2).
   It affects your resistance to hostile enchantments.
   It lets you see invisible.
   It lets you go berserk.
 E - a +4 ring of evasion (right scythe-like blade)
 O - an uncursed ring of poison resistance
 P - a +3 ring of strength (left scythe-like blade)
 Q - an uncursed ring of wizardry
 Y - an uncursed ring of ice
Wands
 q - a wand of acid (22)
 t - a wand of iceblast (20)
 H - a wand of digging (16)
 I - a wand of disintegration (5)
 J - a wand of scattershot (4)
 K - a wand of flame (40)
 V - a wand of paralysis (14)
Scrolls
 i - a scroll of torment {unknown}
 n - 9 scrolls of remove curse
 o - 5 scrolls of teleportation
 p - 4 scrolls of identify
 r - a scroll of enchant armour
 B - a scroll of fog
 F - 2 scrolls of magic mapping
 M - 2 scrolls of fear
Potions
 e - 5 potions of flight
 h - 2 potions of brilliance
 l - 2 potions of berserk rage {unknown}
 s - 3 potions of cancellation
 v - 5 potions of curing
 D - a potion of invisibility
 G - 4 potions of ambrosia
 L - 4 potions of might
Comestibles
 d - 51 rations


   Skills:
 - Level 9.4 Fighting
 - Level 13.3 Dodging
 - Level 10.0 Unarmed Combat
 - Level 7.7 Spellcasting
 + Level 14.6 Transmutations
 + Level 9.8 Earth Magic


You had 8 spell levels left.
You knew the following spells:

 Your Spells              Type           Power        Failure   Level  Hunger
a - Spider Form           Tmut/Pois      ####......   21%         3    #......
b - Sticks to Snakes      Tmut           ######..     5%          2    None
c - Ice Form              Ice/Tmut       ####....     36%         4    ###....
d - Blade Hands           Tmut           ######....   14%         5    #####..
f - Statue Form           Tmut/Erth      ######...    52%         6    ######.


Dungeon Overview and Level Annotations

Branches:
Dungeon (14/15)            Temple (0/1) D:7            Lair (4/6) D:8
    Orc (0/2) D:12         Vaults (0/5) D:13
  Swamp: Lair:2-4    Shoals: Lair:2-4     Snake: Lair:2-4    Spider: Lair:2-4

Altars:
Ashenzari
Dithmenos
Fedhas
Makhleb
Okawaru
Ru
Uskayaw
Vehumet
Wu Jian
Yredelemnul
The Shining One

Shops:
D:10 (   D:12 :   D:13 *

Annotations:
Lair:2 exclusion: orange crystal statue


Message History

You are too injured to fight recklessly!
The porcupine bites you!
You are too injured to fight recklessly!
You are struck by the porcupine's spines.
You slice the porcupine!!
You kill the porcupine!
Okawaru accepts your kill.
You are struck by the porcupine's spines.
* * * LOW HITPOINT WARNING * * *
You hit the porcupine.
The porcupine is lightly wounded.
The porcupine bites you.
* * * LOW HITPOINT WARNING * * *
You are struck by the porcupine's spines.
* * * LOW HITPOINT WARNING * * *
You slash the porcupine!
The porcupine is severely wounded.
The porcupine closely misses you.
You are struck by the porcupine's spines.
You die...

#....##.#..#..P###
#P...#........<#.#### # #
###..................#P#
#.#......................#.
.#...†.....................#
......†...†....................
...........†...................
.............r##.#.#...........
.............#@##.#######......
...$....###....#### #P....
......#.##....## #....
....>.######..# ..(. .# #..#
.... #P/# #.. ##.


You could see a porcupine.

Vanquished Creatures
  The ghost of Ryomija the Severer, a journeyman MiBe of Trog (D:12)
  An ettin (D:13)
  Josephine (D:13)
  The ghost of Oravi the Nimble, a journeyman MfTm of Okawaru (D:12)
  A vault guard (D:13)
  Harold (D:10)
  Fannar (Lair:2)
  2 hydras
  6 two-headed ogres
  Urug (D:13)
  A lindwurm (D:13)
  A deep elf mage (D:12)
  An orc sorcerer (Bailey)
  2 manticores
  3 ugly things (D:14)
  A cyclops (D:12)
  2 centaur zombies
  2 black mambas (Lair:3)
  10 elephants
  Joseph (D:8)
  The ghost of Gitz the Magician, a novice NaWz of Vehumet (D:6)
  2 spiny frogs (Lair:1)
  A centaur skeleton (D:11)
  A komodo dragon (Lair:2)
  A kobold demonologist (Bailey)
  A polar bear (shapeshifter) (D:13)
  2 trolls (D:12)
  A hornet (D:12)
  10 blink frogs
  3 hippogriffs
  A meliai zombie (D:14)
  2 dream sheep (D:11)
  A shadow (D:11)
  4 wraiths (D:13)
  8 yaks (D:11)
  3 wyverns
  Grum (D:9)
  A hungry ghost (D:13)
  The ghost of Oravi the Changer, an amateur MfTm (D:4)
  3 water moccasins (Lair:1)
  15 orc warriors
  2 sky beasts
  8 porcupines
  2 ice beasts
  10 ogres
  2 black bears
  A phantom (D:12)
  3 necrophages
  7 wolves
  5 crocodiles
  17 centaurs
  11 big kobolds
  5 gnoll sergeants (D:12)
  9 bullfrogs
  A wyvern skeleton (D:7)
  8 scorpions
  31 killer bees
  A howler monkey (D:12)
  8 electric eels
  5 crimson imps
  A quasit (D:14)
  2 bullfrog zombies
  A jelly (D:12)
  5 hounds
  A bullfrog skeleton (D:9)
  4 orc priests
  5 orc wizards
  Ijyb (D:2)
  Jessica (D:3)
  A gnoll shaman (D:10)
  2 iguanas
  8 worker ants
  Terence (D:3)
  A hound zombie (D:11)
  A hound skeleton (D:4)
  12 gnolls
  13 adders
  A shadow imp (D:9)
  An ooze (D:1)
  2 adder zombies
  2 adder skeletons
  3 dart slugs
  2 leopard geckos
  36 orcs
  12 bats
  6 giant cockroaches
  18 goblins
  13 hobgoblins
  10 jackals
  22 kobolds
  4 quokkas
  A ball python skeleton (D:4)
  3 frilled lizards
  A jackal zombie (D:8)
  10 rats
  A fungus (Lair:1)
447 creatures vanquished.

Vanquished Creatures (collateral kills)
  Sonja (D:10)
  A manticore (D:13)
  A basilisk (Lair:3)
  A hound (D:12)
  An orc (D:12)
5 creatures vanquished.

Vanquished Creatures (others)
  A fungus (Lair:4)
  A plant (Lair:4)
2 creatures vanquished.

Grand Total: 454 creatures vanquished

Notes
Turn   | Place    | Note
-------+----------+-------------------------------------------
     0 | D:1      | Oravi the Merfolk Transmuter began the quest for the Orb.
     0 | D:1      | Reached XP level 1. HP: 15/15 MP: 3/3
    60 | D:1      | Reached skill level 3 in Transmutations
   159 | D:1      | Reached XP level 2. HP: 11/21 MP: 5/5
   608 | D:1      | Reached XP level 3. HP: 11/26 MP: 4/6
   818 | D:1      | Learned a level 2 spell: Sticks to Snakes
   822 | D:1      | Learned a level 3 spell: Spider Form
  1235 | D:2      | Reached skill level 4 in Transmutations
  1814 | D:2      | Reached skill level 5 in Transmutations
  1814 | D:2      | Reached XP level 4. HP: 32/32 MP: 3/7
  1877 | D:3      | Noticed Ijyb
  1891 | D:2      | Killed Ijyb
  1911 | D:3      | Noticed Terence
  1920 | D:3      | Killed Terence
  1920 | D:3      | Reached skill level 6 in Transmutations
  1922 | D:3      | Reached XP level 5. HP: 20/37 MP: 2/8
  2180 | D:3      | You fall through a shaft for 3 floors!
  2217 | D:5      | Entered Level 5 of the Dungeon
  2328 | D:5      | Found a basalt altar of Yredelemnul.
  2351 | D:5      | Found a shadowy altar of Dithmenos.
  2891 | D:3      | Reached XP level 6. HP: 43/43 MP: 5/9
  2947 | D:3      | Reached skill level 5 in Unarmed Combat
  3046 | D:3      | Found a glowing golden altar of the Shining One.
  3047 | D:3      | Found a burning altar of Makhleb.
  3137 | D:3      | Found a faded altar of an unknown god.
  3293 | D:3      | Noticed Jessica
  3300 | D:3      | Killed Jessica
  3583 | D:4      | Noticed Oravi's ghost (amateur MfTm)
  3598 | D:4      | Killed Oravi's ghost
  3603 | D:4      | Found an ornate altar of the Wu Jian Council.
  3620 | D:4      | Reached XP level 7. HP: 19/48 MP: 3/10
  3873 | D:4      | Found a shattered altar of Ashenzari.
  5465 | D:6      | Noticed Gitz's ghost (novice NaWz)
  5683 | D:6      | Reached XP level 8. HP: 44/53 MP: 7/11
  5775 | D:6      | Killed Gitz's ghost
  6036 | D:6      | Reached skill level 5 in Dodging
  6761 | D:6      | Reached skill level 10 in Unarmed Combat
  6872 | D:6      | Reached XP level 9. HP: 20/59 MP: 9/12
  7762 | D:7      | Found a hide-covered altar of Uskayaw.
  7765 | D:7      | Found an iron altar of Okawaru.
  7765 | D:7      | Found a radiant altar of Vehumet.
  7779 | D:7      | Became a worshipper of Warmaster Okawaru
  7930 | D:7      | Found a staircase to the Ecumenical Temple.
  8384 | D:8      | Noticed Joseph
  8417 | D:8      | Killed Joseph
  8417 | D:8      | Reached * piety under Okawaru
  8452 | D:8      | Noticed a two-headed ogre
  8669 | D:8      | Killed a two-headed ogre
  8669 | D:8      | Reached ** piety under Okawaru
  8669 | D:8      | Reached skill level 5 in Fighting
  8669 | D:8      | Reached skill level 10 in Dodging
  8669 | D:8      | Reached XP level 10. HP: 66/74 MP: 13/17
  8819 | D:8      | Noticed a two-headed ogre
  8831 | D:8      | Killed a two-headed ogre
  8831 | D:8      | Reached skill level 5 in Spellcasting
  8854 | D:8      | Learned a level 4 spell: Ice Form
  8860 | D:8      | Learned a level 5 spell: Blade Hands
  8975 | D:8      | Found a staircase to the Lair.
  9194 | D:8      | Reached skill level 7 in Transmutations
  9493 | D:9      | Noticed Grum
  9568 | D:9      | Reached skill level 8 in Transmutations
  9706 | Lair:1   | Entered Level 1 of the Lair of Beasts
 10106 | D:9      | Reached *** piety under Okawaru
 10106 | D:9      | Reached skill level 9 in Transmutations
 10250 | D:9      | Found a blossoming altar of Fedhas.
 10298 | D:9      | Killed Grum
 10298 | D:9      | Reached skill level 10 in Transmutations
 10714 | D:9      | Found a sacrificial altar of Ru.
 10738 | D:9      | Noticed a two-headed ogre
 10755 | D:9      | Killed a two-headed ogre
 10755 | D:9      | Reached skill level 11 in Transmutations
 10755 | D:9      | Reached XP level 11. HP: 64/81 MP: 15/18
 10828 | D:9      | Found a shadowy altar of Dithmenos.
 10998 | D:10     | Entered Level 10 of the Dungeon
 10998 | D:10     | Noticed Harold
 11011 | D:10     | Killed Harold
 11011 | D:10     | Reached **** piety under Okawaru
 11217 | D:10     | Found Mosat's Antique Weapon Boutique.
 11708 | D:10     | Noticed Sonja
 11725 | D:10     | Killed Sonja
 11816 | D:10     | Noticed a two-headed ogre
 11862 | D:10     | Killed a two-headed ogre
 12322 | D:11     | Reached ***** piety under Okawaru
 12362 | D:11     | Noticed a three-headed hydra
 12373 | D:11     | Killed a three-headed hydra
 12618 | D:11     | Found a flagged portal.
 12629 | Bailey   | Entered a bailey
 12863 | Bailey   | Received a gift from Okawaru
 13236 | Bailey   | Got a crude zirconium amulet
 13237 | Bailey   | Identified the amulet "Qumiwko" {+Rage MR+ Int+2 SInv} (You acquired it in a bailey)
 13347 | Bailey   | Noticed an orc sorcerer
 13670 | Bailey   | Found an iron altar of Okawaru.
 13676 | Bailey   | Killed an orc sorcerer
 13676 | Bailey   | Received a gift from Okawaru
 13679 | Bailey   | Reached XP level 12. HP: 94/94 MP: 18/22
 13681 | Bailey   | Got a transparent plate armour {god gift}
 13718 | Bailey   | Got a smelly ring mail
 14477 | D:12     | Noticed Oravi's ghost (journeyman MfTm)
 14781 | D:12     | Noticed Ryomija's ghost (journeyman MiBe)
 15034 | D:12     | Found Tikics's Book Boutique.
 15059 | D:12     | Bought a book of Transfigurations for 825 gold pieces
 15066 | D:12     | Learned a level 6 spell: Statue Form
 15083 | D:12     | Paralysed by a hornet for 3 turns
 15327 | D:12     | Reached skill level 1 in Earth Magic
 15338 | D:12     | Noticed a two-headed ogre
 15347 | D:12     | Killed a two-headed ogre
 15521 | D:12     | Killed Oravi's ghost
 15602 | D:12     | Found a staircase to the Orcish Mines.
 15676 | D:12     | Reached skill level 5 in Earth Magic
 16061 | D:12     | Noticed a two-headed ogre
 16070 | D:12     | Killed a two-headed ogre
 16283 | D:12     | Killed Ryomija's ghost
 16366 | D:12     | Received a gift from Okawaru
 16576 | D:13     | Noticed Urug
 16596 | D:13     | Noticed Josephine
 16599 | D:13     | Killed Urug
 16599 | D:13     | Reached XP level 13. HP: 73/101 MP: 11/24
 17111 | D:13     | Killed Josephine
 17216 | D:13     | Reached skill level 12 in Transmutations
 17376 | D:13     | Noticed a vault guard
 17385 | D:13     | Killed a vault guard
 17499 | D:13     | Noticed an ettin
 17508 | D:13     | Killed an ettin
 17648 | D:13     | Found a gate to the Vaults.
 17788 | D:13     | Found Naqum's Assorted Antiques.
 18145 | D:14     | Received a gift from Okawaru
 18450 | Lair:1   | Got a slimy sapphire amulet
 18451 | Lair:1   | Identified the amulet "Foskomn" {*Slow rPois Regen+ Str+4 Dex+2} (You acquired it on level 1 of the Lair of Beasts)
 18508 | Lair:1   | Reached skill level 13 in Transmutations
 18511 | Lair:1   | Received a gift from Okawaru
 18602 | Lair:1   | Reached ****** piety under Okawaru
 19453 | Lair:2   | Noticed Fannar
 19463 | Lair:2   | Killed Fannar
 20647 | Lair:3   | Reached skill level 14 in Transmutations
 21429 | Lair:4   | Reached XP level 14. HP: 89/108 MP: 18/25
 21450 | Lair:4   | Impaled on a porcupine's spines

Skill      XL: |  1  2  3  4  5  6  7  8  9 10 11 12 13 |
---------------+----------------------------------------+-----
Transmutations | 3 5 6 11 14 | 14.6
Unarmed Combat | 4 6 8 10 | 10.0
Dodging        | 7 10 12 13 | 13.3
Fighting       | 5 8 9 |  9.4
Spellcasting   | 4 5 7 |  7.7
Earth Magic    | 7 9 |  9.8

Action                   |  1- 3 |  4- 6 |  7- 9 | 10-12 | 13-15 || total
-------------------------+-------+-------+-------+-------+-------++-------
Melee: Unarmed           |   119 |   116 |   228 |   706 |   274 ||  1443
       Headbutt          |     5 |       |       |       |       ||     5
       Staff             |       |       |     6 |     6 |       ||    12
       Punch             |       |       |       |     9 |    10 ||    19
       Tailslap          |       |       |       |     4 |     2 ||     6
 Cast: Beastly Appendage |    11 |       |       |       |       ||    11
       Spider Form       |    10 |    20 |    40 |    62 |     8 ||   140
       Sticks to Snakes  |       |     2 |     1 |    46 |    17 ||    66
       Blade Hands       |       |       |       |    23 |    30 ||    53
Invok: Heroism           |       |       |       |    15 |     9 ||    24
 Abil: End Transformatio |       |       |       |     6 |     2 ||     8
Evoke: Wand              |       |       |       |     9 |       ||     9
  Use: Scroll            |       |    13 |     2 |    10 |    11 ||    36
       Potion            |       |       |     2 |     2 |     1 ||     5
 Stab: Sleeping          |     2 |       |       |       |       ||     2
       Distracted        |       |       |     1 |     4 |       ||     5
  Eat: Chunk             |     5 |     9 |    13 |    26 |    14 ||    67
       Ration            |       |       |     1 |       |       ||     1
Armor: Robe              |    25 |     4 |     5 |    10 |       ||    44
       Skin              |     3 |     8 |     9 |     5 |     3 ||    28
       Leather armour    |       |       |       |    41 |    19 ||    60
Dodge: Dodged            |    84 |   114 |   299 |   821 |   287 ||  1605
